 Dungeon Crawl Stone Soup version 0.29-a0-892-g2c4c91d9db (webtiles) character file.

Game seed: 15630565446663278632

6210 Mesmaeker13 the Summoner (level 10, 0/56 HPs)
             Began as a Tengu Summoner on July 22, 2022.
             Was a Priest of Cheibriados.
             Slain by a catoblepas (29 damage)
             ... on level 1 of the Lair of Beasts.
             The game lasted 00:24:57 (10593 turns).

Mesmaeker13 the Summoner (Tengu Summoner)          Turns: 10593, Time: 00:24:57

Health: 0/56       AC: 10    Str: 18    XL:     10   Next: 92%
Magic:  16/19      EV: 23    Int: 33    God:    Cheibriados [***...]
Gold:   471        SH:  0    Dex: 27    Spells: 10/23 levels left

rFire   . . .      SeeInvis .   U - +1 demon whip (vorpal)
rCold   . . .      Faith    .   (no shield)
rNeg    + . .      Spirit   .   L - +0 leather armour {rN+}
rPois   .          Reflect  .   (helmet restricted)
rElec   .          Harm     .   e - +2 cloak of Untold Secrets {Regen+ Int+3}
rCorr   .          Rampage  .   (no gloves)
Will    .....                   (boots unavailable)
Stlth   +++.......              G - amulet of the acrobat
HPRegen 0.98/turn               E - +4 ring of protection
MPRegen 0.16/turn               d - +6 ring of dexterity

@: flying quickly and evasively, very slow
A: beak, talons 3, nimble flight, clever 1, deterioration 1, low MP 1
a: Renounce Religion, Bend Time, Temporal Distortion


You were on level 1 of the Lair of Beasts.
You worshipped Cheibriados.
Cheibriados was most pleased with you.
You visited 3 branches of the dungeon, and saw 13 of its levels.
You also visited: Sewer.

You collected 621 gold pieces.
You spent 150 gold pieces at shops.

Inventory:

Hand Weapons
 R - a +2 morningstar
 T - a +1 mace of protection
 U - a +1 vorpal demon whip (weapon)
Missiles
 w - 18 poisoned darts
Armour
 e - the +2 cloak of Untold Secrets (worn) {Regen+ Int+3}
   (You acquired it on level 5 of the Dungeon)

   Int:       It affects your intelligence (+3).
   Regen:     It increases your rate of health regeneration.
 L - a +0 leather armour of positive energy (worn)
 S - a +0 robe of willpower
Jewellery
 a - a ring of resist corrosion
 d - a +6 ring of dexterity (right hand)
 B - a ring of willpower
 E - a +4 ring of protection (left hand)
 G - an amulet of the acrobat (around neck)
Wands
 C - a wand of digging (4)
 D - a wand of roots (9)
 M - a wand of mindburst (9)
 Q - a wand of quicksilver (5)
Scrolls
 f - 8 scrolls of immolation
 g - a scroll of summoning {unknown}
 i - 5 scrolls of teleportation
 j - 2 scrolls of fear
 k - a scroll of noise {unknown}
 n - a scroll of torment
 r - 5 scrolls of amnesia
 s - 2 scrolls of blinking {unknown}
 t - 2 scrolls of enchant weapon {unknown}
 u - a scroll of butterflies {unknown}
 v - a scroll of silence {unknown}
 y - 2 scrolls of poison
 A - 3 scrolls of enchant armour
 N - a scroll of vulnerability {unknown}
Potions
 b - 2 potions of magic
 c - 2 potions of mutation
 h - a potion of attraction {unknown}
 l - 4 potions of lignification
 m - 2 potions of flight {unknown}
 p - a potion of berserk rage {unknown}
 q - a potion of haste {unknown}
 x - 3 potions of brilliance {unknown}
 z - a potion of heal wounds {unknown}
 H - 2 potions of degeneration {unknown}
 I - 2 potions of invisibility {unknown}
 J - 2 potions of resistance {unknown}
 K - 2 potions of curing {unknown}
 P - 3 potions of cancellation {unknown}


   Skills:
 + Level 3.8 Fighting
 + Level 0.6 Maces & Flails
 - Level 8.1 Dodging
 - Level 2.0 Stealth
 - Level 7.2 Spellcasting
 - Level 4.2 Hexes
 + Level 10.4 Summonings
 + Level 7.4 Air Magic
 + Level 2.4 Invocations


You had 10 spell levels left.
You knew the following spells:

 Your Spells              Type           Power      Damage    Failure   Level
a - Summon Small Mammal   Summ           100%       N/A       1%          1
b - Call Imp              Summ           69%        N/A       1%          2
c - Call Canine Familiar  Summ           69%        N/A       1%          3
d - Summon Guardian Gole  Hex/Summ       57%        N/A       1%          3
e - Summon Lightning Spi  Summ/Air       63%        N/A       1%          4

Your spell library contained the following spells:

 Spells                   Type           Power      Damage    Failure   Level
 Static Discharge         Conj/Air       36%        3-8/arc   1%          2
 Airstrike                Air            28%        0-10+     1%          4
 Beastly Appendage        Tmut           22%        N/A       4%          1
 Wereblood                Tmut           11%        N/A       7%          2
 Spider Form              Tmut/Pois      11%        N/A       14%         3
 Corpse Rot               Necr/Pois/Air  28%        N/A       16%         4
 Lightning Bolt           Conj/Air       18%        1d32      26%         5
 Dispel Undead            Necr           11%        3d9       41%         4
 Sticky Flame             Conj/Fire      11%        2d3       41%         4
 Death Channel            Necr           5%         N/A       100%        6


Dungeon Overview and Level Annotations

Branches:
Dungeon (11/15)            Temple (1/1) D:5            Lair (1/5) D:8
  Sewer (visited)
    Orc: D:9-12

Altars:
Ashenzari
Cheibriados
Dithmenos
Elyvilon
Fedhas
Gozag
Hepliaklqana
Kikubaaqudgha
Makhleb
Nemelex Xobeh
Okawaru
Qazlal
Ru
Sif Muna
Trog
Uskayaw
Vehumet
Wu Jian
Xom
Yredelemnul
Zin
The Shining One

Shops:
D:6 [

Annotations:
D:3 Sigmund
D:5 3 runed translucent doors, bananaglory's ghost, novice HuCA
D:8 3 exclusions, Gastronok
D:10 1 runed translucent door


Innate Abilities, Weirdness & Mutations

You have a beak for a mouth.
You have claws for feet.
Your magical nature lets you fly swiftly and evasively.
Your mind is acute. (Int +4, Str/Dex -1)
Your body sometimes deteriorates upon taking damage.
Your magical capacity is low. (-10% MP)


Message History

A blink frog comes into view.
Unknown command.
It was a potion of mutation.
You feel extremely strange.
You feel yourself wasting away.
You feel clever.
You feel less energetic.
Your lightning spire shoots out a bolt of lightning at the catoblepas!
The bolt of electricity hits the catoblepas!
The blink frog blinks!
The blink frog is engulfed in calcifying dust.
The blink frog is moving more slowly.
The catoblepas breathes a plume of calcifying dust at your lightning spire.
The blast of calcifying dust hits your lightning spire but does no damage.
A blink frog comes into view.
Your lightning spire shoots out a bolt of lightning at the catoblepas!
The bolt of electricity hits the catoblepas!
The blink frog is engulfed in calcifying dust.
The blink frog stops moving altogether!
The catoblepas gores your lightning spire.
The blink frog is engulfed in calcifying dust.
The blink frog blinks!
The catoblepas roars fiercely, eyes lowered.
The catoblepas gores your lightning spire!!
You catch the helpless catoblepas completely off-guard!
You hit the catoblepas but do no damage.
You claw the catoblepas.
You punch the catoblepas, but do no damage.
The catoblepas is almost dead.
The blink frog blinks!
Your lightning spire shoots out a bolt of lightning at the catoblepas!
The bolt of electricity hits the catoblepas.
The catoblepas gores your lightning spire!!
Your lightning spire is destroyed!
Your lightning spire disappears in a puff of smoke!
The catoblepas bellows!
Unknown command.
Casting: Summon Lightning Spire (dangerous; 1% risk of failure)
Confirm with . or Enter, or press ? or * to list all spells.
The blink frog croaks.
You hear a loud, deep croak!
The catoblepas gores you!!
Ouch! That really hurt!
You die...

.....#..... ....#....
#....^.. #......
#...#.###+P#
##...§....... ....
#P...Yh...... .....
#..@.# #... . #....##
#..##.# #.§...# #......
##..F..# ### #.....#
..#§....####.####.#..#.
...F..............#....
FF.....F..........#..P.
§..................#....
......................#.


You could see a catoblepas (ally target), 4 blink frogs and a friendly warg
(summoned).

Vanquished Creatures
  A komodo dragon (D:10)
  Eustachio (D:5)
  A sky beast (D:7)
  2 centaurs
  3 phantoms
  2 wights
  A scorpion (D:4)
  4 howler monkeys (D:10)
  A nameless horror (D:4)
  An orc priest (D:5)
  2 hounds (D:6)
  2 orc wizards (D:6)
  2 iguanas
  Ijyb (D:5)
  2 gnolls
  2 adders
  2 worms (D:2)
  A dart slug (D:3)
  9 orcs
  4 ball pythons
  5 endoplasms
  3 giant cockroaches
  5 goblins
  2 hobgoblins
  3 quokkas
  4 bats
  3 frilled lizards
  A kobold (D:3)
  3 rats
73 creatures vanquished.

Vanquished Creatures (collateral kills)
  2 two-headed ogres
  Amaemon (D:10)
  An orange demon (D:10)
  A troll (D:9)
  Prince Ribbit (D:4)
  A wraith (D:9)
  4 vampire mosquitoes (D:10)
  A water moccasin (D:5)
  An orc warrior (D:10)
  2 black bears
  A sky beast (D:7)
  A bullfrog (Lair:1)
  A necrophage (D:6)
  A scorpion (D:6)
  A wight (D:7)
  A howler monkey (D:6)
  3 hounds (D:6)
  A jelly (D:6)
  3 orc priests
  2 gnoll boudas
  Jessica (D:3)
  4 orc wizards
  8 gnolls
  8 adders
  2 white imps (D:6)
  An ufetubus (D:6)
  2 worms
  A dart slug (D:2)
  8 orcs
  7 ball pythons
  2 bats
  2 endoplasms (D:2)
  A goblin (D:1)
  4 hobgoblins
  5 jackals (D:1)
  4 kobolds
  A quokka (D:1)
  A frilled lizard (Sewer)
  A rat (D:2)
93 creatures vanquished.

Vanquished Creatures (others)
  2 ice beasts
  2 wights (D:7)
  A gnoll (D:7)
  A plant (Lair:1)
6 creatures vanquished.

Grand Total: 172 creatures vanquished

Notes
Turn   | Place    | Note
-------+----------+-------------------------------------------
     0 | D:1      | Mesmaeker13 the Tengu Summoner began the quest for the Orb.
     0 | D:1      | Reached XP level 1. HP: 10/10 MP: 4/4
   143 | D:1      | Reached skill level 5 in Summonings
   143 | D:1      | Reached XP level 2. HP: 3/15 MP: 3/6
  1146 | D:1      | Reached XP level 3. HP: 19/19 MP: 7/7
  1374 | D:1      | Learned a level 2 spell: Call Imp
  2013 | D:2      | Reached XP level 4. HP: 14/24 MP: 5/9
  2401 | D:2      | Learned a level 3 spell: Call Canine Familiar
  2402 | D:2      | Identified a scroll of acquirement
  2641 | D:3      | Noticed Jessica
  2691 | D:3      | Killed Jessica
  2692 | D:3      | Gained mutation: Your magical nature lets you fly swiftly
                  | and evasively. [Tengu growth]
  2692 | D:3      | Reached XP level 5. HP: 10/28 MP: 7/10
  2930 | D:3      | Noticed Sigmund
  3016 | D:3      | Learned a level 3 spell: Summon Guardian Golem
  3166 | D:4      | HP: 1/28 [orc/+0 dagger (2)]
  3168 | D:4      | Reached skill level 6 in Summonings
  3591 | D:4      | Reached skill level 1 in Hexes
  3591 | D:4      | Reached XP level 6. HP: 32/32 MP: 4/12
  3665 | D:4      | Noticed a nameless horror
  3807 | D:4      | Found a white marble altar of Elyvilon.
  3842 | D:4      | Killed a nameless horror
  4619 | D:5      | Entered Level 5 of the Dungeon
  4619 | D:5      | Noticed Prince Ribbit
  4619 | D:5      | Noticed an ice beast
  4619 | D:5      | Noticed a water moccasin
  4706 | D:5      | Noticed Ijyb
  4832 | D:5      | Acquired the +2 cloak of Untold Secrets {Regen+ Int+3}
  4882 | D:5      | Killed Ijyb
  5062 | D:5      | Noticed a black bear
  5084 | D:5      | Killed a black bear
  5085 | D:5      | Reached XP level 7. HP: 36/36 MP: 3/14
  5216 | D:5      | Found a runed translucent gate.
  5216 | D:5      | Found a runed translucent gate.
  5216 | D:5      | Found a runed translucent gate.
  5217 | D:5      | Noticed bananaglory's ghost (novice HuCA)
  5286 | D:5      | Found a staircase to the Ecumenical Temple.
  5300 | Temple   | Entered the Ecumenical Temple
  5300 | Temple   | Found a transporter.
  5300 | Temple   | Found a transporter.
  5302 | Temple   | Found a transporter.
  5302 | Temple   | Found a transporter.
  5336 | Temple   | Became a worshipper of Cheibriados the Contemplative
  5408 | D:4      | Killed Prince Ribbit
  5409 | D:4      | Reached skill level 5 in Dodging
  5409 | D:4      | Reached skill level 7 in Summonings
  5497 | D:5      | Noticed Eustachio
  5526 | D:5      | Killed Eustachio
  5527 | D:5      | Reached XP level 8. HP: 37/41 MP: 15/15
  6042 | D:5      | Learned a level 4 spell: Summon Lightning Spire
  6043 | D:6      | Found a burning altar of Makhleb.
  6043 | D:6      | Found a basalt altar of Yredelemnul.
  6060 | D:6      | Found Bicur's Antique Armour Emporium.
  6068 | D:6      | Reached skill level 1 in Air Magic
  6102 | D:6      | Reached skill level 5 in Spellcasting
  6123 | D:6      | Reached * piety under Cheibriados
  6158 | D:6      | Reached skill level 8 in Summonings
  6170 | D:6      | Found a glowing drain.
  6179 | Sewer    | Entered a sewer
  6573 | D:6      | Reached XP level 9. HP: 45/45 MP: 12/18
  6604 | D:6      | Reached ** piety under Cheibriados
  6730 | D:6      | Bought a glowing leather armour for 150 gold pieces
  7069 | D:7      | Found an iron altar of Okawaru.
  8087 | D:8      | Found a staircase to the Lair.
  8087 | D:8      | Noticed a fire dragon
  8162 | D:8      | Noticed a two-headed ogre
  8171 | D:8      | Killed a two-headed ogre
  8172 | D:8      | Reached skill level 9 in Summonings
  8172 | D:8      | Reached skill level 5 in Air Magic
  8222 | D:8      | Noticed Gastronok
  8465 | D:9      | Reached *** piety under Cheibriados
  8521 | D:9      | Reached skill level 1 in Fighting
  8521 | D:9      | Reached XP level 10. HP: 52/52 MP: 16/20
  8572 | D:9      | Found an opulent altar of Gozag.
  9190 | D:9      | Noticed a two-headed ogre
  9199 | D:9      | Killed a two-headed ogre
  9484 | D:10     | Entered Level 10 of the Dungeon
  9673 | D:10     | Reached skill level 1 in Invocations
  9786 | D:10     | Reached skill level 10 in Summonings
  9805 | D:10     | Noticed Amaemon
  9808 | D:10     | Noticed an orange demon
  9812 | D:10     | Killed an orange demon
  9813 | D:10     | Killed Amaemon
  9931 | D:10     | Found a runed translucent door.
  9931 | D:10     | Noticed a sixfirhy
 10522 | Lair:1   | Entered Level 1 of the Lair of Beasts
 10579 | Lair:1   | Noticed a catoblepas
 10590 | Lair:1   | Gained mutation: Your body sometimes deteriorates upon
                  | taking damage. [potion of mutation]
 10590 | Lair:1   | Gained mutation: Your mind is acute. (Int +4, Str/Dex -1)
                  | [potion of mutation]
 10590 | Lair:1   | Gained mutation: Your magical capacity is low. (-10% MP)
                  | [potion of mutation]
 10593 | Lair:1   | Slain by a catoblepas

Illustrated notes

Levels and vault maps discovered:
D:1:      lightli_arrival_windingriver, layout_basic, serial_park_tiny_1,
          hex_large
D:2:      layout_rooms, minmay_tall_x
D:3:      layout_loops_ring, uniq_sigmund, uniq_jessica
D:4:      layout_rooms, kennysheep_mini, amcnicky_mini_rare_corridor_liquid
D:5:      layout_rooms, minmay_temple_entry_statues_pillars,
          gammafunk_ghost_nasty_kobolds, uniq_eustachio, uniq_prince_ribbit1,
          uniq_ijyb
D:6:      layout_rooms, chequers_temple_overflow_statue_of_worship,
          serial_shops, shop, enter_ossuary_5, portal_sewer_entry_d,
          st_stairs_4, minmay_circle_x
D:7:      layout_loops_corners, okawaru_gym_becter, serial_bayou_pond_a,
          nicolae_titane
D:8:      minmay_clustersquares, layout_basic, minmay_lair_entry_lava,
          uniq_gastronok
D:9:      nicolae_cairo_tiling_large_dashed, layout_layer_cave,
          grunt_gozag_statues
D:10:     cheibrodos_shockbox, layout_loops_ring, hex_medium, uniq_amaemon
D:11:     layout_rooms, orc_david_3
Temple:   hellmonk_temple_divided_pantheon
Lair:1:   layout_chaotic_city, beast_lair_carwin_4

Skill      XL: |  1  2  3  4  5  6  7  8  9 10 |
---------------+-------------------------------+-----
Summonings     | 5 6 7 8 9 10 | 10.4
Dodging        | 3 4 5 6 7 8 |  8.1
Spellcasting   | 3 4 5 6 7 |  7.2
Hexes          | 1 2 3 4 |  4.2
Air Magic      | 3 5 7 |  7.4
Fighting       | 1 3 |  3.8
Invocations    | 2 |  2.4
Maces & Flails | |  0.6
Stealth        | |  2.0

Action                   |  1- 3 |  4- 6 |  7- 9 | 10-12 || total
-------------------------+-------+-------+-------+-------++-------
Melee: Dagger            |    31 |    34 |    58 |       ||   123
       Kick              |    10 |    27 |    21 |    16 ||    74
       Peck              |     5 |    18 |    24 |     8 ||    55
       Short sword       |     6 |    56 |    24 |       ||    86
       Punch             |       |     1 |       |     2 ||     3
       Mace              |       |       |     8 |    28 ||    36
       Demon whip        |       |       |       |    10 ||    10
 Cast: Summon Small Mamm |    21 |     3 |       |       ||    24
       Call Imp          |     7 |    22 |     5 |     1 ||    35
       Call Canine Famil |       |    16 |    23 |     8 ||    47
       Summon Guardian G |       |     3 |     9 |       ||    12
       Summon Lightning  |       |       |     7 |    11 ||    18
Evoke: Wand              |       |       |     3 |     1 ||     4
  Use: Scroll            |       |     5 |     6 |     2 ||    13
       Potion            |       |     1 |       |     1 ||     2
 Stab: Sleeping          |     1 |     4 |       |       ||     5
       Distracted        |     1 |       |     2 |     3 ||     6
Armor: Robe              |     5 |    11 |    10 |       ||    26
       Skin              |       |     1 |       |       ||     1
       Leather armour    |       |       |    12 |    22 ||    34
Dodge: Dodged            |    46 |    69 |    73 |    98 ||   286

Table legend: (Time is in decaauts)
 A = Elapsed time spent in this place.
 B = Non-inter-level travel time spent in this place.
 C = Inter-level travel time spent in this place.
 D = Time resting spent in this place.
 E = Time spent auto-exploring this place.
 F = Levels seen in this place.
 G = Mean time per level.
                   A        B        C        D        E       F      G
               +--------+--------+--------+--------+--------+-----+--------+
         Total |  12079 |  11454 |    625 |   2030 |   6681 |  14 |  862.8 |
       Dungeon |  11509 |  10884 |    625 |   2030 |   6401 |  11 | 1046.3 |
        Temple |     55 |     55 |      0 |      0 |      5 |   1 |   55.0 |
          Lair |     93 |     93 |      0 |      0 |     65 |   1 |   93.0 |
         Sewer |    420 |    420 |      0 |      0 |    208 |   1 |  420.0 |
               +--------+--------+--------+--------+--------+-----+--------+

Top non-repeatable levels by time:
     D:9: 1718 daAuts
     D:7: 1584 daAuts
     D:1: 1375 daAuts
     D:4: 1291 daAuts
    D:10: 1221 daAuts
     D:5: 1155 daAuts
     D:2: 1126 daAuts
     D:3: 1010 daAuts
     D:6: 643 daAuts
   Sewer: 420 daAuts
     D:8: 379 daAuts
  Lair:1: 93 daAuts
  Temple: 55 daAuts
    D:11: 1 daAuts
